 Dungeon Crawl Stone Soup version 0.27.1-3-gb3d3a73c9e (webtiles) character file.

Game seed: 13882430896239896467

6 Descartes the Firebug (level 1, -2/10 HPs)
             Began as a Deep Elf Wanderer on Oct 29, 2021.
             Slain by a gnoll (12 damage)
             ... on level 1 of the Dungeon.
             The game lasted 00:01:33 (537 turns).

Descartes the Firebug (Deep Elf Wanderer)            Turns: 537, Time: 00:01:33

Health: -2/10      AC:  6    Str: 12    XL:     1   Next: 75%
Magic:  5/7        EV: 11    Int: 14    God:
Gold:   10         SH:  0    Dex: 13    Spells: 7/8 levels left

rFire    . . .     SeeInvis .   a - +0 dagger
rCold    . . .     Faith    .   (no shield)
rNeg     . . .     Spirit   .   b - +0 robe
rPois    .         Reflect  .   (no helmet)
rElec    .         Harm     .   (no cloak)
rCorr    .         Rampage  .   (no gloves)
Will     .....                  (no boots)
Stlth    +.........             (no amulet)
HPRegen  0.03/turn              i - +4 ring of protection
MPRegen  0.10/turn              (no ring)

@: no status effects
A: no striking features
a: no special abilities


You were on level 1 of the Dungeon.
You visited 1 branch of the dungeon, and saw 1 of its levels.

You collected 10 gold pieces.

Inventory:

Hand Weapons
 a - a +0 dagger (weapon)
Missiles
 d - a throwing net
 f - 16 arrows
 g - 22 stones
 h - 14 poisoned darts
Armour
 b - a +0 robe (worn)
Jewellery
 i - a +4 ring of protection (left hand)
Wands
 c - a wand of flame (15)
Scrolls
 j - a scroll of teleportation {unknown}
Potions
 e - a potion of curing {unknown}


   Skills:
 - Level 4.4 Spellcasting
 + Level 1.0 Conjurations
 - Level 1.2 Necromancy
 + Level 4.6 Fire Magic
 - Level 2.1 Evocations


You had 7 spell levels left.
You knew the following spells:

 Your Spells              Type           Power      Damage    Failure   Level
a - Foxfire               Conj/Fire      40%        2x1d6     6%          1

Your spell library contained the following spells:

 Spells                   Type           Power      Damage    Failure   Level
 Conjure Flame            Conj/Fire      10%        6-21      19%         3


Dungeon Overview and Level Annotations

Branches:
Dungeon (1/15)

Altars:


Message History

You miscast Foxfire.
You are very lightly contaminated with residual magic.
Nothing appears to happen.
The foxfire hits the hobgoblin.
The hobgoblin is almost dead.
The foxfire hits the hobgoblin.
You kill the hobgoblin!
Your Conjurations skill increases to level 1!
Your magical contamination has completely faded away.
You see here 16 arrows.
f - 16 arrows
Found 14 poisoned darts.
Found a faded altar of an unknown god.
You see here 22 stones.
g - 22 stones You see here 14 poisoned darts.
h - 14 poisoned darts
i - a +4 ring of protection
j - a scroll labelled AMYDUG TUDE
i - a +4 ring of protection (left hand)
You now have 10 gold pieces.
Found a robe.
You see here a +0 robe.
You see here a +0 robe.
A gnoll comes into view. It is wielding a +0 flail.
Casting: Foxfire (safe; 6% risk of failure)
Confirm with . or Enter, or press ? or * to list all spells.
You conjure some foxfire!
The gnoll shouts!
Casting: Foxfire (safe; 6% risk of failure)
Confirm with . or Enter, or press ? or * to list all spells.
There is not enough space to conjure foxfire!
The foxfire hits the gnoll.
The gnoll is moderately wounded.
The foxfire hits the gnoll.
The gnoll is moderately wounded.
Casting: Foxfire (safe; 6% risk of failure)
Confirm with . or Enter, or press ? or * to list all spells.
You conjure some foxfire!
The gnoll hits you with a +0 flail!
Ouch! That really hurt!
You die...

####.####.###..#####
#.....[.#.# ..#
#.#####.#.# ..# #.#
#.#.. ..# #.# #.#.#
#.# #.# # #.# #.# #.
#.# #.#.#.### #.#
#.#...g@# #.#
#.#...#v# #.# #..
#.# #.# #. #.# #.# #
#.# #.# #.# #.# #.#
#.# #.#
##.###########.#


You could see a gnoll (ally target).

Vanquished Creatures
  2 hobgoblins (D:1)
  A kobold (D:1)
  2 ball pythons (D:1)
5 creatures vanquished.

Vanquished Creatures (others)
  30 foxfires (D:1)
30 creatures vanquished.

Grand Total: 35 creatures vanquished

Notes
Turn   | Place    | Note
-------+----------+-------------------------------------------
     0 | D:1      | Descartes the Deep Elf Wanderer began the quest for the
                  | Orb.
     0 | D:1      | Descartes set off with the following items: a +0 dagger, a
                  | +0 robe, a wand of flame (15); and the following spell
                  | memorised: Foxfire; and the following spells available to
                  | memorise: Conjure Flame
     0 | D:1      | Reached XP level 1. HP: 10/10 MP: 7/7
   433 | D:1      | Reached skill level 1 in Conjurations
   459 | D:1      | Found a faded altar of an unknown god.
   537 | D:1      | Slain by a gnoll

Illustrated notes

Levels and vault maps discovered:
D:1:      matt_arrival_refuge, layout_basic,
          hellmonk_ecumenical_altar_prayer_group

Skill      XL: |  1 |
---------------+----+-----
Conjurations   | 1 |  1.0
Spellcasting   | |  4.4
Necromancy     | |  1.2
Fire Magic     | |  4.6
Evocations     | |  2.1

Action                   || total
-------------------------++-------
 Cast: Foxfire           ||    19
Armor: Robe              ||     1
Dodge: Dodged            ||     2
